Map: Goldenaura LE

Players

Snook

  • Race: Protoss Protoss
  • Spawn Location: 5:00

Subwayeatn - Winner!

  • Race: Terran Terran
  • League: Platinum
  • Spawn Location: 12:00

VOD

Have the link to the VOD?

Description

Time

  • Played on: Oct. 21, 2023, 2:55 p.m.
  • Length: 12:04
Show
View Real Time Build Order
Export as new Build Order

Snook Protoss 

Build Orders:  

Get SALT Encoding   

  12  0:01  Probe  
  13  0:13  Probe  
  14  0:20  Pylon  
  14  0:35  Probe  
  15  0:42  Gateway  
  15  0:47  Probe  
  16  0:50  Pylon  
  16  1:00  Assimilator  
  16  1:11  Gateway  
  16  1:20  Forge  
  16  1:23  Probe  
  17  1:35  Probe  
  17  1:37  Zealot  
  20  1:59  Probe  
  21  2:05  Zealot  
  23  2:11  Probe  
  24  2:18  Protoss Ground Weapons Level 1 (Chrono Boost)  
  24  2:20  Cybernetics Core  
  24  2:23  Probe  
  25  2:34  Photon Cannon  
  25  2:55  Nexus  
  25  3:02  Adept  
  27  3:18  Warp Gate  
  27  3:19  Robotics Facility  
  27  3:22  Adept  
  29  3:53  Stalker (Chrono Boost)  
  29  3:54  Pylon  
  31  4:13  Assimilator  
  31  4:15  Adept (Chrono Boost)  
  33  4:29  Immortal (Chrono Boost)  
  33  4:35  Zealot  
  39  5:01  Zealot  
  39  5:04  Probe  
  42  5:16  Probe  
  42  5:19  Twilight Council  
  43  5:24  Zealot  
  43  5:28  Zealot  
  37  5:55  Zealot  
  33  6:06  Immortal (Chrono Boost)  
  37  6:19  Stalker  
  39  6:33  Stalker  
  39  6:35  Immortal (Chrono Boost)  
  45  6:43  Stargate  
  45  6:55  Charge  
  45  6:57  Probe (Chrono Boost)  
  47  7:04  Probe (Chrono Boost)  
  47  7:07  Probe (Chrono Boost)  
  48  7:12  Probe (Chrono Boost)  
  48  7:13  Stalker  
  48  7:15  Probe (Chrono Boost)  
  52  7:17  Stalker  
  54  7:26  Pylon  
  54  7:44  Warp Prism, Probe x2  
  58  7:57  Probe x2  
  46  8:09  Probe  
  45  8:28  Void Ray (Chrono Boost)  
  45  8:30  Stalker  
  45  8:31  Stalker  
  49  8:40  Gateway x2  
  49  8:44  Gateway  
  49  8:46  Immortal (Chrono Boost)  
  53  9:01  Void Ray (Chrono Boost)  
  57  9:30  Stalker  
  57  9:31  Stalker  
  61  9:39  Pylon x2  
  61  9:52  Blink  
  61  9:57  Immortal  
  65  10:03  Zealot x2  
  65  10:04  Zealot x2  
  65  10:05  Zealot  
  39  10:46  Zealot  
  39  10:47  Zealot x2  
  39  10:48  Zealot x2  
  33  11:13  Stalker x2  
  33  11:14  Stalker x2  
  41  11:38  Photon Cannon  
  41  11:42  Photon Cannon  
  41  11:43  Photon Cannon  
  41  11:52  Robotics Facility  
Show
View Real Time Build Order
Export as new Build Order

Subwayeatn Terran - Winner!

Build Orders:  

Get SALT Encoding   

  12  0:01  SCV  
  13  0:13  SCV  
  14  0:22  Supply Depot  
  14  0:26  SCV  
  15  0:44  Barracks  
  15  0:49  SCV  
  16  1:01  SCV  
  17  1:13  SCV  
  18  1:22  Command Center  
  18  1:26  SCV  
  19  1:38  SCV  
  20  1:41  Marine  
  20  1:42  Refinery  
  20  1:45  Supply Depot  
  21  1:50  SCV  
  22  2:02  SCV  
  23  2:11  Marine  
  24  2:20  SCV  
  25  2:31  Barracks Reactor  
  25  2:32  SCV  
  26  2:42  SCV  
  26  2:43  Barracks  
  27  2:44  Barracks  
  27  2:46  Orbital Command  
  27  2:55  Refinery  
  27  2:56  Orbital Command  
  27  3:09  Marine x2  
  27  3:12  SCV  
  30  3:21  SCV  
  30  3:24  SCV  
  32  3:29  Marine x2  
  32  3:32  Barracks Tech Lab  
  32  3:33  SCV  
  35  3:38  Barracks Reactor  
  35  3:40  SCV  
  36  3:45  SCV  
  37  3:52  SCV  
  37  3:54  Supply Depot  
  38  4:03  Bunker  
  38  4:07  SCV x2  
  38  4:08  Engineering Bay  
  40  4:10  Marine x2  
  40  4:12  Marauder  
  40  4:14  Combat Shield  
  44  4:19  SCV x2, Supply Depot  
  44  4:23  Refinery  
  46  4:27  Refinery  
  46  4:31  SCV x2  
  48  4:40  Marauder, Marine x4  
  48  4:43  SCV  
  55  4:46  Factory  
  55  4:55  SCV  
  55  4:56  SCV  
  57  5:07  SCV  
  57  5:09  Terran Infantry Weapons Level 1  
  58  5:15  Marine x3, SCV  
  62  5:33  Stimpack  
  62  5:34  SCV  
  62  5:36  Command Center  
  62  5:37  Marine  
  62  5:38  SCV  
  62  5:40  Marauder  
  59  5:46  SCV  
  59  5:48  Marine x2  
  59  5:49  Marine  
  60  5:51  SCV  
  59  5:58  SCV  
  59  6:01  Marauder  
  59  6:03  Marine, SCV  
  62  6:28  Starport  
  62  6:31  Factory Reactor  
  62  6:47  SCV x2, Marine x4  
  62  6:48  Marauder  
  62  6:49  SCV  
  71  6:59  SCV x2  
  73  7:02  SCV  
  73  7:03  Terran Infantry Armor Level 1  
  73  7:05  Marine x3  
  77  7:11  Supply Depot  
  77  7:12  Concussive Shells  
  77  7:19  Supply Depot  
  77  7:20  Supply Depot  
  77  7:24  Planetary Fortress  
  77  7:31  Refinery  
  77  7:32  Marine x2  
  77  7:33  Marauder  
  77  7:34  Supply Depot, Refinery  
  81  7:40  Barracks  
  81  7:43  Supply Depot  
  81  7:44  Supply Depot  
  73  7:54  Marauder  
  73  7:57  Marine x2  
  73  7:58  Marine x2  
  63  8:15  Marine x4  
  67  8:27  Supply Depot  
  67  8:28  Barracks, SCV x3  
  67  8:29  Supply Depot, Marine  
  67  8:33  Barracks Tech Lab, Marine x3  
  67  8:34  Marauder  
  76  8:37  Medivac x2  
  80  8:47  Marine  
  81  8:49  Factory Tech Lab  
  81  8:52  SCV x3  
  81  8:55  Marauder  
  86  8:57  Neosteel Armor  
  86  9:04  SCV x3  
  86  9:07  Medivac x2  
  93  9:15  Supply Depot  
  93  9:16  Marauder  
  95  9:22  SCV  
  95  9:23  SCV x2  
  98  9:27  Barracks Reactor  
  98  9:37  Medivac x2  
  102  9:41  Missile Turret  
  102  9:42  Missile Turret  
  102  9:53  Armory  
  102  10:03  Missile Turret  
  102  10:04  Siege Tank  
  102  10:06  Marine x5  
  102  10:07  Medivac x2, Marine x3  
  117  10:24  Missile Turret, Marine x6  
  117  10:25  Marauder x2  
  117  10:27  Command Center  
  111  10:36  Siege Tank  
  111  10:41  Marine  
  111  10:42  Marine x4  
  118  10:46  Marauder  
  118  10:47  Marauder  
  120  11:08  SCV, Marauder x2  
  125  11:27  Supply Depot  
  125  11:28  Supply Depot  
  125  11:30  Missile Turret x2, Supply Depot  
  125  11:31  Supply Depot  
  125  11:32  Missile Turret  
  125  11:38  Marine x6  
  125  11:39  Marauder, SCV x2, Missile Turret  
  144  11:58  Refinery  
  144  11:59  Refinery  
  144  12:01  Missile Turret  
  149  12:02  Missile Turret  
Tags
 
League
Platinum
Matchup
PvT
Replay Pack
Multiplayer
Spawn Locations
Cross Positions
Add a new tag
Caveats
  • Supply blocks, unpowered buildings, or Contaminate may cause inaccurate times.
  • Supply counts are checked every 10 seconds.